 Dungeon Crawl Stone Soup version 0.17-a0-2069-g0f4ee5b (webtiles) character file.

2814 nubinia the Thaumaturge (level 9, -1/54 HPs)
             Began as a High Elf Air Elementalist on Oct 13, 2015.
             Was an Elder of Vehumet.
             Slain by a wolf (12 damage)
             ... led by Grum
             ... on level 9 of the Dungeon.
             The game lasted 00:54:26 (8725 turns).

nubinia the Thaumaturge (High Elf Air Elementalist) Turns: 8725, Time: 00:54:26

Health: -1/54      AC:  3    Str:  7    XL:     9   Next: 44%
Magic:  19/22      EV: 12    Int: 22    God:    Vehumet [****..]
Gold:   504        SH:  0    Dex: 17    Spells: 6 memorised, 11 levels left

rFire  . . .     SeeInvis .     G - +0 dagger (elec)
rCold  . . .     Clarity  .     g - -2 robe (curse)
rNeg   + . .     SustAt   .     (no shield)
rPois  .         Gourm    .     D - +0 helmet
rElec  .         Spirit   .     (no cloak)
rCorr  .         Warding  .     m - +1 pair of gloves
rMut   .         Stasis   .     (no boots)
MR     .....                    (no amulet)
Stlth  +++.......               y - ring of positive energy
                                i - -3 ring of evasion (curse)

@: repel missiles, not resistant to hostile enchantments, fairly stealthy
A: no striking features
a: Renounce Religion


You were on level 9 of the Dungeon.
You worshipped Vehumet.
Vehumet was greatly pleased with you.
You were hungry.

You visited 1 branch of the dungeon, and saw 9 of its levels.
You also visited: Sewer.

You collected 504 gold pieces.

Inventory:

Hand Weapons
 e - a +0 dagger
 f - a +1 dagger of freezing
 G - a +0 dagger of electrocution (weapon)
Armour
 a - a +0 robe
 g - a cursed -2 robe (worn)
 m - a +1 pair of gloves (worn)
 s - a +0 buckler
 D - a +0 helmet (worn)
Jewellery
 i - a cursed -3 ring of evasion (left hand)
 y - a ring of positive energy (right hand)
Wands
 x - a wand of confusion (18)
 E - a wand of digging (8)
 I - a wand of cold (9)
Scrolls
 l - 5 scrolls of identify
 n - 2 scrolls of recharging
 B - 2 scrolls of fog
 H - 2 scrolls of teleportation
 K - 2 scrolls of enchant weapon
Potions
 j - a potion of cure mutation
 k - a potion of magic
 o - a potion of invisibility
 p - 2 potions of might
 q - a potion of agility
 r - a potion of poison
 t - a potion of degeneration
 v - a potion of heal wounds
 z - 2 potions of brilliance
 A - a potion of flight
 F - 5 potions of curing
Books
 b - a book of Air

   Spells                             Type                      Level
   a - Shock                          Conjuration/Air              1
   b - Swiftness                      Charms/Air                   2
   c - Repel Missiles                 Charms/Air                   2
   d - Static Discharge               Conjuration/Air              3
   e - Lightning Bolt                 Conjuration/Air              5
Comestibles
 c - 3 bread rations
 d - 10 royal jellies
 h - 14 fruits
 u - a beef jerky
 w - 3 meat rations
 C - a slice of pizza


   Skills:
 + Level 1.9 Fighting
 + Level 1.7 Short Blades
 + Level 4.9 Dodging
 + Level 4.6 Stealth
 + Level 8.6 Spellcasting
 + Level 6.9 Conjurations
 + Level 0.2 Charms
 + Level 8.1 Air Magic


You had 11 spell levels left.
You knew the following spells:

 Your Spells              Type           Power        Failure   Level  Hunger
a - Shock                 Conj/Air       ####         1%          1    None
b - Magic Dart            Conj           ####         1%          1    None
c - Swiftness             Chrm/Air       ####....     1%          2    None
d - Static Discharge      Conj/Air       #####...     1%          3    None
e - Lightning Bolt        Conj/Air       #####.....   3%          5    #####..
r - Repel Missiles        Chrm/Air       ####..       1%          2    None


Dungeon Overview and Level Annotations

Branches:
Dungeon (9/15)             Temple (0/1) D:6
   Lair: D:8-11         Orc: D:9-12

Altars:
Ashenzari
Dithmenos
Elyvilon
Gozag
Makhleb
Nemelex Xobeh
Okawaru
Ru
Sif Muna
Vehumet
Xom
Zin
The Shining One

Annotations:
D:5 exclusion: sky beast
D:6 4thArraOfDagon's ghost, amateur VSMo
D:9 Grum


Message History

The wolf barely misses you. The wolf bites you! The wolf misses you.
The wolf bites you!
There is an open door here.
The wolf barely misses you. The wolf bites you.
Grum shouts, "Spot!
Good boy!"
An orc warrior comes into view. It is wielding a battleaxe.
The orc warrior moves out of view.
The wolf barely misses you.
You open the door. The wolf bites you. The wolf closely misses you.
Grum closely misses you.
There is an open door here.
The wolf bites you. The wolf bites you!
* * * LOW HITPOINT WARNING * * *
The wolf completely misses you. The wolf misses you. The wolf bites you.
* * * LOW HITPOINT WARNING * * *
You open the door. The wolf misses you. The wolf bites you!
You die...

+......##'##g.#..........
#......'....h.+..........
##.###'##'##..#.........
#.....h.#..#........
+......h#+##.......
#....o.g+..#........
#####...#..#...........
#.hh#..#............
#..@#..#............
#...'..#............
#...#.<#............
#...#..'............
#...#+##..........#
#..........[......#
####..............#
#..............#
#..............#


You could see Grum, an orc warrior (wandering) and 4 wolves.

Vanquished Creatures
  Sigmund (D:3)
  A deep elf mage (D:7)
  2 soldier ants (D:8)
  Duvessa (D:7)
  An ogre (D:7)
  A phantom (D:8)
  An orc warrior (D:6)
  3 giant frogs (D:6)
  Blork the orc (D:4)
  A wyvern zombie (D:7)
  Dowan (D:7)
  8 wights
  A scorpion (D:6)
  An electric eel (D:8)
  A crimson imp (D:8)
  3 orc priests
  5 hounds
  7 worker ants
  An iguana (D:4)
  3 orc wizards
  Natasha (thrice) (D:3)
  2 hound skeletons
  A hound zombie (D:7)
  6 gnolls
  Robin (D:2)
  16 adders
  7 oozes
  2 adder skeletons
  10 worms
  22 orcs
  17 bats
  8 giant cockroaches
  15 hobgoblins
  32 jackals
  4 quokkas
  6 ball pythons
  5 giant geckos
  2 giant gecko skeletons
  A giant newt (D:2)
  19 goblins
  A jackal zombie (D:6)
  7 kobolds
  A quokka zombie (D:7)
  15 rats
247 creatures vanquished.

Vanquished Creatures (collateral kills)
  An adder (D:7)
1 creature vanquished.

Vanquished Creatures (others)
  An orc wizard (D:8)
1 creature vanquished.

Grand Total: 249 creatures vanquished

Notes
Turn   | Place    | Note
--------------------------------------------------------------
     0 | D:1      | nubinia the High Elf Air Elementalist began the quest for the Orb.
     0 | D:1      | Reached XP level 1. HP: 11/11 MP: 4/4
   505 | D:1      | Reached XP level 2. HP: 17/17 MP: 3/6
   537 | D:1      | Learned a level 2 spell: Repel Missiles
   540 | D:1      | Learned a level 2 spell: Swiftness
   992 | D:1      | Reached skill level 4 in Air Magic
   992 | D:1      | Reached XP level 3. HP: 21/21 MP: 6/8
  1031 | D:2      | Found a shadowy altar of Dithmenos.
  1047 | D:2      | Found an iron altar of Okawaru.
  1143 | D:2      | Found a radiant altar of Vehumet.
  1147 | D:2      | Became a worshipper of Vehumet
  1160 | D:2      | Found a burning altar of Makhleb.
  1443 | D:2      | Reached XP level 4. HP: 27/27 MP: 5/10
  2001 | D:2      | Noticed Robin
  2006 | D:2      | Killed Robin
  2008 | D:2      | Reached * piety under Vehumet
  2008 | D:2      | Offered knowledge of Magic Dart by Vehumet.
  2011 | D:2      | Learned a level 1 spell: Magic Dart
  2211 | D:2      | Reached XP level 5. HP: 26/31 MP: 3/11
  2458 | D:2      | Reached ** piety under Vehumet
  2458 | D:2      | Offered knowledge of Throw Flame by Vehumet.
  2692 | D:2      | Reached skill level 1 in Fighting
  2964 | D:3      | Found a glowing drain.
  3018 | Sewer    | Entered a sewer
  3061 | Sewer    | Offered knowledge of Dazzling Spray by Vehumet.
  3210 | Sewer    | Reached *** piety under Vehumet
  3687 | Sewer    | Reached XP level 6. HP: 27/38 MP: 13/13
  3816 | D:3      | Offered knowledge of Olgreb's Toxic Radiance by Vehumet.
  3836 | D:3      | Noticed Natasha
  3841 | D:3      | Killed Natasha
  3945 | D:3      | Found a glowing golden altar of the Shining One.
  4291 | D:3      | Noticed Natasha
  4302 | D:3      | Killed Natasha
  4331 | D:3      | Found an opulent altar of Gozag.
  4381 | D:3      | Noticed Sigmund
  4448 | D:3      | Noticed Natasha
  4454 | D:3      | Reached skill level 5 in Air Magic
  4455 | D:3      | Killed Natasha
  4481 | D:3      | Reached skill level 5 in Spellcasting
  4967 | D:3      | Killed Sigmund
  4967 | D:3      | Reached skill level 1 in Short Blades
  4967 | D:3      | Reached XP level 7. HP: 28/43 MP: 9/16
  5142 | D:4      | Reached **** piety under Vehumet
  5192 | D:4      | Offered knowledge of Inner Flame by Vehumet.
  5266 | D:4      | Reached skill level 6 in Spellcasting
  5530 | D:4      | Noticed Blork the orc
  5539 | D:4      | Killed Blork the orc
  5703 | D:5      | Entered Level 5 of the Dungeon
  5947 | D:5      | Found a deep blue altar of Sif Muna.
  6275 | D:5      | Reached XP level 8. HP: 45/48 MP: 14/18
  6329 | D:5      | Found a sacrificial altar of Ru.
  6430 | D:6      | Reached skill level 5 in Conjurations
  6478 | D:6      | Found a staircase to the Ecumenical Temple.
  6528 | D:6      | Reached skill level 7 in Spellcasting
  6593 | D:6      | Reached ***** piety under Vehumet
  6593 | D:6      | Offered knowledge of Poison Arrow by Vehumet.
  6774 | D:6      | Learned a level 3 spell: Static Discharge
  6780 | D:6      | Learned a level 5 spell: Lightning Bolt
  6887 | D:6      | Noticed 4thArraOfDagon's ghost (amateur VSMo)
  6975 | D:7      | Noticed Duvessa
  6975 | D:7      | Noticed Dowan
  6981 | D:7      | Killed Duvessa
  6990 | D:7      | Killed Dowan
  7117 | D:7      | Found a shattered altar of Ashenzari.
  7451 | D:7      | Reached skill level 8 in Spellcasting
  7451 | D:7      | Reached XP level 9. HP: 53/53 MP: 18/22
  7687 | D:8      | Found a shimmering altar of Xom.
  7767 | D:8      | Found a white marble altar of Elyvilon.
  7970 | D:8      | Found a sparkling altar of Nemelex Xobeh.
  8166 | D:8      | Found a glowing silver altar of Zin.
  8167 | D:8      | Noticed an angel
  8702 | D:9      | Noticed Grum
  8725 | D:9      | Slain by a wolf

Vault maps used:
D:1:      roderic_dead_forest
D:2:      lemuel_doored_altar, grunt_dithmenos_smoke, overflow_temple_1_default,
          bloody_makhleb, first_bread, minmay_vboxes, uniq_robin
D:3:      lemuel_crystal_altar, portal_sewer_entry_a, tso_metal_star,
          uniq_natasha, uniq_sigmund
D:4:      minmay_surrounded, uniq_blork_the_orc
D:5:      kennysheep_mini_moat, lemuel_coloured_pillars_altar
D:6:      temple_green
D:7:      basic_altar, uniq_duvessa
D:8:      elyvilon_altar_4, xom_teletrap_fun, nicolae_overflow_crystal_walls,
          zin_angel, kennysheep_doodads, hangedman_pestilent_swarm
D:9:      kennysheep_orc_sif_temple, uniq_erica, uniq_pikel, uniq_grum,
          uniq_prince_ribbit1
Sewer:    sewer_fruit_machine

Action                   |  1- 3 |  4- 6 |  7- 9 || total
-------------------------+-------+-------+-------++-------
Melee: Dagger            |    20 |    46 |    47 ||   113
 Cast: Shock             |    59 |   201 |   292 ||   552
       Repel Missiles    |     1 |       |       ||     1
       Lightning Bolt    |       |       |     6 ||     6
       Magic Dart        |       |       |     6 ||     6
  Use: Scroll            |     3 |     5 |     7 ||    15
       Potion            |       |     4 |     2 ||     6
 Stab: Sleeping          |     1 |     5 |     3 ||     9
  Eat: Chunk             |     2 |    10 |    13 ||    25
